 Dungeon Crawl Stone Soup version 0.30-a0-939-gc8157cb160 (webtiles) character file.

Game seed: 12581250462880555357

35 dolemite99 the Skirmisher (level 3, -2/31 HPs)
             Began as a Gnoll Hunter on Mar 25, 2023.
             Slain by Terence
             ... wielding a +0 flail
              (6 damage)
             ... on level 2 of the Dungeon.
             The game lasted 00:02:06 (1394 turns).

dolemite99 the Skirmisher (Gnoll Hunter)            Turns: 1394, Time: 00:02:07

Health: -2/31      AC:  3    Str: 10    XL:     3   Next: 33%
Magic:  4/4        EV: 13    Int:  8    God:
Gold:   34         SH:  0    Dex: 15    Spells: 3/3 levels left

rFire   + . .      SeeInvis .    a - +1 shortbow
rCold   . . .      Faith    .    (shield currently unavailable)
rNeg    . . .      Spirit   .    c - +0 leather armour
rPois   .          Reflect  .    (no helmet)
rElec   .          Rampage  .    (no cloak)
rCorr   .                        (no gloves)
Will    .....                    (no boots)
Stlth   ++                       (no amulet)
HPRegen 0.25/turn                i - ring of protection from fire
MPRegen 0.09/turn                (no ring)

@: no status effects
A: fangs 1, strong nose, distributed training, clumsy 1, evolution 1
a: no special abilities


You were on level 2 of the Dungeon.
You visited 1 branch of the dungeon, and saw 2 of its levels.

You collected 34 gold pieces.

Inventory:

Hand Weapons
 a - a +1 shortbow (weapon)
 f - a +0 dagger
 m - a +0 dagger of freezing
Armour
 c - a +0 leather armour (worn)
 d - a +1 ring mail
 e - a +0 scale mail
Magical Staves
 l - a staff of earth
Jewellery
 i - a ring of protection from fire (left hand)
Scrolls
 b - a scroll of immolation
Potions
 k - a potion of mutation


   Skills:
 + Level 4.5 Fighting
 + Level 0.8 Short Blades
 + Level 0.8 Long Blades
 + Level 0.8 Axes
 + Level 0.8 Maces & Flails
 + Level 0.8 Polearms
 + Level 0.8 Staves
 + Level 8.5 Ranged Weapons
 + Level 0.8 Throwing
 + Level 0.8 Armour
 + Level 4.5 Dodging
 + Level 2.4 Stealth
 + Level 0.8 Shields
 + Level 0.8 Unarmed Combat
 + Level 0.8 Spellcasting
 + Level 0.5 Conjurations
 + Level 0.5 Hexes
 + Level 0.5 Summonings
 + Level 0.5 Necromancy
 + Level 0.5 Translocations
 + Level 0.5 Transmutations
 + Level 0.5 Fire Magic
 + Level 0.5 Ice Magic
 + Level 0.5 Air Magic
 + Level 0.5 Earth Magic
 + Level 0.5 Poison Magic
 + Level 1.0 Invocations
 + Level 0.8 Evocations


You had 3 spell levels left.
You didn't know any spells.
Your spell library contained the following spells:

 Spells                   Type           Power      Damage    Failure   Level
 Cause Fear               Hex            0%         N/A       99%         4
 Dragon Form              Tmut           0%         N/A       100%        7
 Dragon's Call            Summ           0%         N/A       100%        9


Dungeon Overview and Level Annotations

Branches:
Dungeon (2/15)

Altars:

Shops:
D:1 !

Annotations:
D:2 Terence


Innate Abilities, Weirdness & Mutations

You have very sharp teeth.
Your uncanny sense of smell can sniff out nearby items.
Your experience applies equally to all skills.
You are clumsy. (Dex -2)
You have hidden genetic potential.


Message History

As you read the scroll of enchant armour, it crumbles to dust.
Your +0 ring mail glows green for a moment.
Okay, then.
Okay, then.
You climb upwards.
There is a stone staircase leading down here.
You climb downwards.
Level annotation: Terence Terence barely misses you.
There is a stone staircase leading up here.
Terence is nearby!
As you read the scroll labelled QURGHU VOCHA, it crumbles to dust.
The scroll dissolves into smoke.
It was a scroll of fog.
Terence hits you with a +0 flail!
Okay, then.
It was a potion of mutation.
You feel extremely strange.
You feel clumsy.
You feel a hidden potential growing inside you.
Terence misses you.
It was a potion of heal wounds.
You feel much better. Terence hits you with a +0 flail.
Fire: a) +1 shortbow
Press: ? - help, Q - select action Shift-Dir - straight line, f - Terence
Aim: Terence, wielding a +0 flail and wearing a +0 chain mail (grey smoke, 72% to hit)
You shoot an arrow. The arrow closely misses Terence.
Terence hits you with a +0 flail! Terence hits you with a +0 flail.
* * * LOW HITPOINT WARNING * * *
Fire: a) +1 shortbow
Press: ? - help, Q - select action Shift-Dir - straight line, f/p - Terence
Aim: Terence, wielding a +0 flail and wearing a +0 chain mail (grey smoke, 72% to hit)
You shoot an arrow. The arrow barely misses Terence.
Terence hits you with a +0 flail.
* * * LOW HITPOINT WARNING * * *
Fire: a) +1 shortbow
Press: ? - help, Q - select action Shift-Dir - straight line, f/p - Terence
Aim: Terence, wielding a +0 flail and wearing a +0 chain mail (grey smoke, 72% to hit)
You shoot an arrow.
The arrow hits Terence but does no damage.
Terence hits you with a +0 flail.
You die...

#.# #.#
#.# #.#
#§# #§#
#§# #@#
## #@#
..
####§#.#
#..§§§.#
#.##.###
# #.# ∆
... ..#
....
#.##


You could see Terence.

Vanquished Creatures
  2 dart slugs (D:1)
  A ball python (D:1)
  3 bats (D:1)
  2 endoplasms (D:1)
  3 giant cockroaches (D:1)
  5 goblins
  3 hobgoblins (D:1)
  3 kobolds (D:1)
  A quokka (D:1)
  3 frilled lizards (D:1)
  A rat (D:1)
27 creatures vanquished.

Notes
Turn   | Place    | Note
-------+----------+-------------------------------------------
     0 | D:1      | dolemite99 the Gnoll Hunter began the quest for the Orb.
     0 | D:1      | Reached XP level 1. HP: 20/20 MP: 1/1
    42 | D:1      | Reached XP level 2. HP: 26/26 MP: 2/2
   530 | D:1      | Found Welemut's Distillery.
   535 | D:1      | Reached XP level 3. HP: 31/31 MP: 3/3
  1091 | D:1      | Reached skill level 1 in Invocations
  1376 | D:2      | Noticed Terence
  1390 | D:2      | Gained mutation: You are clumsy. (Dex -2) [potion of
                  | mutation]
  1390 | D:2      | Gained mutation: You have hidden genetic potential. [potion
                  | of mutation]
  1394 | D:2      | Slain by Terence

Illustrated notes

Levels and vault maps discovered:
D:1:      dpeg_arrival_radiant, layout_loops_ring, serial_shops, shop,
          nrook_mini_vaults, minmay_hexomino_c4
D:2:      layout_loops_ring, ebering_ecumenical_altar_mist,
          minmay_divided_ellipse, uniq_terence

Skill      XL: |  1  2  3 |
---------------+----------+-----
Invocations    | 1 |  1.0
Fighting       | |  4.5
Short Blades   | |  0.8
Long Blades    | |  0.8
Axes           | |  0.8
Maces & Flails | |  0.8
Polearms       | |  0.8
Staves         | |  0.8
Ranged Weapons | |  8.5
Throwing       | |  0.8
Armour         | |  0.8
Dodging        | |  4.5
Stealth        | |  2.4
Shields        | |  0.8
Unarmed Combat | |  0.8
Spellcasting   | |  0.8
Conjurations   | |  0.5
Hexes          | |  0.5
Summonings     | |  0.5
Necromancy     | |  0.5
Translocations | |  0.5
Transmutations | |  0.5
Fire Magic     | |  0.5
Ice Magic      | |  0.5
Air Magic      | |  0.5
Earth Magic    | |  0.5
Poison Magic   | |  0.5
Evocations     | |  0.8

Action                     || total
---------------------------++-------
   Fire: Shortbow          ||    57
    Use: Scroll            ||     6
         Potion            ||     2
 Armour: Leather armour    ||     4
  Dodge: Dodged            ||    17

Table legend: (Time is in decaauts)
 A = Elapsed time spent in this place.
 B = Non-inter-level travel time spent in this place.
 C = Inter-level travel time spent in this place.
 D = Time resting spent in this place.
 E = Time spent auto-exploring this place.
 F = Levels seen in this place.
 G = Mean time per level.
                   A        B        C        D        E       F      G
               +--------+--------+--------+--------+--------+-----+--------+
         Total |   1401 |   1375 |     26 |    579 |    571 |   2 |  700.5 |
       Dungeon |   1401 |   1375 |     26 |    579 |    571 |   2 |  700.5 |
               +--------+--------+--------+--------+--------+-----+--------+

Top non-repeatable levels by time:
     D:1: 1378 daAuts
     D:2: 22 daAuts
